 Dungeon Crawl Stone Soup version 0.27-a0-1555-g0e7b3fb1d2 (webtiles) character file.

Game seed: 2704985872522165577

523 Ijustatesigmund the Cudgeller (level 7, -12/49 HPs)
             Began as an Octopode Fighter on July 15, 2021.
             Mangled by Duvessa (19 damage)
             ... on level 4 of the Dungeon.
             The game lasted 00:04:11 (4251 turns).

Ijustatesigmund the Cudgeller (Octopode Fighter)    Turns: 4251, Time: 00:04:13

Health: -12/49     AC:  1    Str: 27    XL:     7   Next: 22%
Magic:  0/7        EV: 12    Int: 11    God:
Gold:   170        SH: 11    Dex: 13    Spells: 6/6 levels left

rFire    . . .     SeeInvis .   a - +1 flail
rCold    . . .     Faith    .   b - +1 kite shield
rNeg     . . .     Spirit   +   (helmet restricted)
rPois    .         Reflect  .   f - amulet of guardian spirit
rElec    .         Harm     .   i - +6 ring of strength
rCorr    .         Rampage  .   k - +6 ring of strength
Will     .....                  (no ring)
Stlth    ++........             (no ring)
HPRegen  0.16/turn              (no ring)
MPRegen  0.10/turn              (no ring)
                                (no ring)
                                (no ring)

@: no status effects
A: almost no armour, amphibious, 8 rings, camouflage 1, gelatinous body 1,
(nimble swimmer 1), tentacles
a: no special abilities


You were on level 4 of the Dungeon.
You visited 1 branch of the dungeon, and saw 4 of its levels.

You collected 170 gold pieces.

Inventory:

Hand Weapons
 a - a +1 flail (weapon)
Armour
 b - a +1 kite shield (worn)
Jewellery
 f - an amulet of guardian spirit (around mantle)
 i - a +6 ring of strength (left tentacle)
 k - a +6 ring of strength (right tentacle)
Scrolls
 l - a scroll of enchant weapon
 n - a scroll of vulnerability {unknown}
Potions
 c - 3 potions of might
 d - 2 potions of brilliance {unknown}
 e - 2 potions of cancellation
 g - 2 potions of ambrosia {unknown}
 h - 3 potions of curing {unknown}
 j - a potion of attraction {unknown}
 m - 3 potions of mutation {unknown}


   Skills:
 + Level 4.9 Fighting
 + Level 5.1 Maces & Flails
 + Level 4.1 Dodging
 + Level 4.1 Shields


You had 6 spell levels left.
You didn't know any spells.
Your spell library contained the following spells:

 Spells                   Type           Power      Damage    Failure   Level
 Ensorcelled Hibernation  Hex/Ice        0%         N/A       91%         2
 Passwall                 Tmut/Erth      0%         N/A       91%         2
 Frozen Ramparts          Ice            0%         1d2       99%         3
 Spider Form              Tmut/Pois      0%         N/A       99%         3
 Swiftness                Air            0%         N/A       99%         3
 Ice Form                 Ice/Tmut       0%         N/A       100%        4
 Summon Ice Beast         Ice/Summ       0%         N/A       100%        4
 Invisibility             Hex            0%         N/A       100%        6
 Shadow Creatures         Summ           N/A        N/A       100%        6


Dungeon Overview and Level Annotations

Branches:
Dungeon (4/15)
 Temple: D:4-7

Altars:
Fedhas

Shops:
D:2 *

Annotations:
D:4 Duvessa


Innate Abilities, Weirdness & Mutations

You cannot wear most types of armour.
You are amphibious.
You can wear up to eight rings at the same time.
Your skin changes colour to match your surroundings (Stealth+).
Your rubbery body absorbs attacks. (AC +1, EV +1)
((You are camouflaged near water. (Stealth+)))
You have tentacles for arms and can constrict up to eight enemies at once.


Message History

Dowan shouts!
Dowan moves out of view.
Duvessa, Sister of Dowan comes into view.
She is wielding a +0 short sword and wearing a +3 leather armour of cold resistance.
Found 18 stones.
Dowan points at you and mumbles some strange words.
The puff of frost misses you.
Dowan says, "Magic and the sword, together, will defeat you."
You block Dowan's attack.
You closely miss Dowan.
Duvessa shouts!
Your grab misses Dowan. Dowan hits you with a +0 dagger.
You sock Dowan! Your grab misses Dowan. Your squeeze misses Dowan.
Dowan is moderately wounded.
Dowan hits you with a +0 dagger.
You barely miss Duvessa. You grab Duvessa.
You constrict Duvessa, but do no damage.
Duvessa roars, "You can run, but you cannot escape us forever!"
You block Duvessa's attack.
You sock Dowan!
You kill Dowan!
Duvessa weeps, then rights herself and shakes her weapon.
Duvessa goes berserk!
You constrict Duvessa, but do no damage.
Duvessa hits you with a +0 short sword! You block Duvessa's attack.
You completely miss Duvessa. You squeeze Duvessa, but do no damage.
You constrict Duvessa! You block Duvessa's attack. Duvessa barely misses you.
You hit Duvessa but do no damage.
Duvessa is moderately wounded.
You constrict Duvessa! Duvessa closely misses you. You block Duvessa's attack.
You sock Duvessa! You squeeze Duvessa, but do no damage.
Duvessa is heavily wounded.
You constrict Duvessa. Duvessa hits you with a +0 short sword!
You block Duvessa's attack.
You hit Duvessa.
Duvessa is severely wounded.
You constrict Duvessa!
Duvessa hits you with a +0 short sword!!
* * * LOW HITPOINT WARNING * * *
Duvessa hits you with a +0 short sword!!
You die...

# ## .####... ....#.... # #####
##### .....#...[#### ##...##
#...#..............# #.....#
##..@e.....)........#
##....####....)...............
##..............(............
##........#..................
###....#..###..>............<..
##.#...##..##.............#.....
##.......#.................#...#.
#.......###................##....
##.......##.....##.........###...


You could see Duvessa (berserk).

Vanquished Creatures
  A water moccasin (D:4)
  A necrophage (D:4)
  A scorpion (D:4)
  Dowan (D:4)
  An iguana (D:4)
  5 adders
  8 gnolls
  2 orcs
  10 ball pythons
  2 bats (D:2)
  7 endoplasms
  5 giant cockroaches
  4 hobgoblins
  6 kobolds
  8 quokkas
  2 frilled lizards
  5 goblins
  7 rats
76 creatures vanquished.

Vanquished Creatures (others)
  4 plants (D:2)
4 creatures vanquished.

Grand Total: 80 creatures vanquished

Notes
Turn   | Place    | Note
-------+----------+-------------------------------------------
     0 | D:1      | Ijustatesigmund the Octopode Fighter began the quest for
                  | the Orb.
     0 | D:1      | Reached XP level 1. HP: 16/16 MP: 1/1
   454 | D:1      | Reached XP level 2. HP: 17/21 MP: 2/2
   776 | D:1      | Found a faded altar of an unknown god.
  1358 | D:1      | Reached skill level 3 in Maces & Flails
  1359 | D:1      | Reached XP level 3. HP: 25/26 MP: 3/3
  1701 | D:2      | Found Woir's General Store.
  2397 | D:3      | Reached XP level 4. HP: 22/32 MP: 4/4
  2602 | D:3      | Reached skill level 4 in Maces & Flails
  2938 | D:3      | Reached XP level 5. HP: 37/37 MP: 5/5
  3583 | D:4      | Noticed a necrophage
  3591 | D:4      | Killed a necrophage
  3592 | D:4      | Reached XP level 6. HP: 32/44 MP: 4/6
  3700 | D:4      | Noticed a water moccasin
  3708 | D:4      | Killed a water moccasin
  3963 | D:4      | Reached skill level 5 in Maces & Flails
  3963 | D:4      | Reached XP level 7. HP: 44/49 MP: 4/7
  4109 | D:4      | Found a blossoming altar of Fedhas.
  4239 | D:4      | Noticed Dowan
  4240 | D:4      | Noticed Duvessa
  4247 | D:4      | Killed Dowan
  4251 | D:4      | Mangled by Duvessa

Illustrated notes

Levels and vault maps discovered:
D:1:      minmay_arrival_doors, layout_basic, hellmonk_ecumenical_altar_run_dry
D:2:      wad_lake_hut, layout_basic, serial_shops, shop
D:3:      layout_rooms, minivault_5
D:4:      layout_cave_pools, kennysheep_mini, minmay_distorted, uniq_duvessa

Skill      XL: |  1  2  3  4  5  6 |
---------------+-------------------+-----
Maces & Flails | 3 4 5 |  5.1
Fighting       | 4 |  4.9
Dodging        | 4 |  4.1
Shields        | 4 |  4.1

Action                   |  1- 3 |  4- 6 |  7- 9 || total
-------------------------+-------+-------+-------++-------
Melee: Flail             |    69 |    57 |    13 ||   139
       Constrict         |    23 |    19 |     3 ||    45
       Tentacles         |    10 |    12 |     3 ||    25
  Use: Scroll            |     5 |     2 |       ||     7
 Stab: Sleeping          |     5 |     2 |       ||     7
Armor: Skin              |     6 |     4 |       ||    10
Dodge: Dodged            |    27 |    22 |     4 ||    53
Block: Kite shield       |    22 |    37 |    10 ||    69

Table legend: (Time is in decaauts)
 A = Elapsed time spent in this place.
 B = Non-inter-level travel time spent in this place.
 C = Inter-level travel time spent in this place.
 D = Time resting spent in this place.
 E = Time spent auto-exploring this place.
 F = Levels seen in this place.
 G = Mean time per level.
                   A        B        C        D        E       F      G
               +--------+--------+--------+--------+--------+-----+--------+
         Total |   4314 |   4186 |    128 |   1096 |   2508 |   4 | 1078.5 |
       Dungeon |   4314 |   4186 |    128 |   1096 |   2508 |   4 | 1078.5 |
               +--------+--------+--------+--------+--------+-----+--------+

Top non-repeatable levels by time:
     D:1: 1595 daAuts
     D:3: 1140 daAuts
     D:2: 898 daAuts
     D:4: 680 daAuts
